 Dungeon Crawl Stone Soup version 0.13.1-2-gfb2c2b7 (webtiles) character file.

206 Lilouch the Magician (level 4, -1/33 HPs)
             Began as a Deep Dwarf Wizard on Dec 4, 2013.
             Slain by a worker ant (4 damage)
             ... on Level 4 of the Dungeon.
             The game lasted 00:17:12 (2920 turns).

Lilouch the Magician (Deep Dwarf Wizard)            Turns: 2920, Time: 00:17:12

HP  -1/33        AC  2     Str 11      XL: 4   Next: 65%
MP   0/11        EV 12     Int 19      God:
Gold 93          SH  0     Dex 11      Spells:  2 memorised,  6 levels left

Res.Fire  : . . .   See Invis. : .   w - +0 blowgun
Res.Cold  : + . .   Warding    : .   a - +0 robe
Life Prot.: . . .   Conserve   : .   (no shield)
Res.Poison: .       Res.Corr.  : .   b - +0 wizard hat
Res.Elec. : .       Clarity    : .   (no cloak)
Sust.Abil.: . .     Spirit.Shd : .   (no gloves)
Res.Mut.  : .       Rnd.Telep. : +   (no boots)
Res.Rott. : .       Flight     : .   (no amulet)
Saprovore : . . .                    t - cursed ring of teleportation
                                     n - ring of protection from cold

@: non-regenerating, very slightly contaminated, slightly resistant to hostile
enchantments, fairly stealthy
A: damage resistance, recharge devices, sense surroundings 1, slow healing 3
a: Device Recharging, Evoke Teleportation


You were on level 4 of the Dungeon.
You were not hungry.

You visited 1 branch of the dungeon, and saw 4 of its levels.

You collected 73 gold pieces.

Inventory:

Hand weapons
 h - a +0,+0 dwarven dagger
 w - a +0 blowgun (weapon)
Missiles
 g - 8 poisoned needles (quivered)
 i - 16 stones
 k - 3 curare-tipped needles
 o - 3 poisoned darts
 s - 6 javelins
 B - 27 sling bullets
Armour
 a - a +0 robe (worn)
 b - a +0 wizard hat (worn)
Magical devices
 d - a wand of heal wounds (5)
 y - a wand of frost (10) {unknown}
Comestibles
 f - 3 bread rations
 m - 2 rotting chunks of goblin flesh
 q - a chunk of giant cockroach flesh
 x - 2 rotting chunks of orc flesh
 A - an apple
Scrolls
 e - 5 scrolls of identify
 j - 2 scrolls of remove curse
 l - a scroll of teleportation
 p - a scroll of noise {unknown}
 r - a scroll of enchant weapon I {unknown}
 u - a scroll of blinking {unknown}
Jewellery
 n - a ring of protection from cold (left hand)
 t - a cursed ring of teleportation (right hand)
Potions
 z - a potion of degeneration {unknown}
Books
 c - a book of Minor Magic

   Spells                             Type                      Level
   *Magic Dart                        Conjuration                  1
   Blink                              Translocation                2
   *Call Imp                          Summoning                    2
   Repel Missiles                     Charms/Air                   2
   Slow                               Hexes                        2
   Conjure Flame                      Conjuration/Fire             3
   Mephitic Cloud                     Conjuration/Poison/Air       3


   Skills:
 - Level 2.2 Dodging
 - Level 2.6 Stealth
 + Level 3.4 Spellcasting
 + Level 2.2 Conjurations
 - Level 0.8 Summonings
   Level 1.1 Translocations
 + Level 3.3 Evocations


You had 6 spell levels left.
You knew the following spells:

 Your Spells              Type           Power        Failure   Level  Hunger
a - Magic Dart            Conj           ##..         8%          1    None
b - Call Imp              Summ           #.........   17%         2    ##.....


Dungeon Overview and Level Annotations

Branches:
Dungeon (4/27)
 Temple: D:4-7

Altars:


Innate Abilities, Weirdness & Mutations

You are resistant to damage.
You can recharge devices by infusing magical energy.
You passively map a small area around you.
You do not heal naturally.


Message History

Confirm with . or Enter, or press ? or * to list all spells.
Aiming: Magic Dart
Press: ? - help, Shift-Dir - straight line, f/p - worker ant
Aim: a worker ant (lightly wounded)
The magic dart hits the worker ant.
The worker ant is moderately wounded.
The worker ant misses you. The worker ant bites you!
* * * LOW HITPOINT WARNING * * *
You are poisoned.
The worker ant poisons you!
Casting: Magic Dart
Confirm with . or Enter, or press ? or * to list all spells.
Aiming: Magic Dart
Press: ? - help, Shift-Dir - straight line, f/p - worker ant
Aim: a worker ant (moderately wounded)
The magic dart hits the worker ant.
The worker ant is moderately wounded.
You feel better. The worker ant bites you.
You die...

#.##... ,
##.....##.#
.#........#.#####
.......#........####
...................#
.....#....#.#..(..##
##.....#.....###..#
.............#..a.#
##.###.......#.#@##
.... .....?....(.#
.#.. ,, .###.#.#.###
.#..., ..#......,
...# * ,*.#.# .#.*
##.# #.,.. .# . , #
#. ## * #. , .


You could see a worker ant.

Vanquished Creatures
  An orc wizard (D:3)
  3 adders (D:2)
  2 orcs
  5 giant cockroaches
  7 hobgoblins
  2 quokkas (D:2)
  A ball python (D:2)
  10 bats
  4 giant newts
  10 goblins
  7 kobolds
  7 rats
59 creatures vanquished.

Vanquished Creatures (collateral kills)
  An ooze (D:1)
  A rat (D:1)
2 creatures vanquished.

Grand Total: 61 creatures vanquished

Notes
Turn   | Place    | Note
--------------------------------------------------------------
     0 | D:1      | Lilouch, the Deep Dwarf Wizard, began the quest for the Orb.
     0 | D:1      | Reached XP level 1. HP: 13/13 MP: 5/5
   158 | D:1      | Reached skill level 1 in Conjurations
   378 | D:1      | Reached XP level 2. HP: 18/20 MP: 4/7
   670 | D:1      | Reached skill level 1 in Evocations
   782 | D:1      | Learned a level 2 spell: Call Imp
  1519 | D:2      | Reached skill level 3 in Spellcasting
  1519 | D:2      | Reached XP level 3. HP: 20/26 MP: 5/9
  2192 | D:2      | Reached XP level 4. HP: 19/33 MP: 3/11
  2920 | D:4      | Slain by a worker ant

Action                   |  1- 3 |  4- 6 || total
-------------------------+-------+-------++-------
 Fire: Blowgun           |       |     4 ||     4
Throw: Stone             |     1 |       ||     1
       Javelin           |     7 |     1 ||     8
       Dagger            |     1 |       ||     1
 Cast: Magic Dart        |   124 |    58 ||   182
       Call Imp          |     1 |       ||     1
  Use: Scroll            |     2 |       ||     2
       Potion            |       |     2 ||     2
